 Dungeon Crawl Stone Soup version 0.29.1-15-g9cfb28693d (webtiles) character file.

Game seed: 9661402790994348000

313 workbot the Cleaver (level 6, -2/51 HPs)
             Began as a Minotaur Berserker on Apr 5, 2023.
             Was a Believer of Trog.
             Slain by a gnoll sergeant
             ... wielding a +0 spear
              (9 damage)
             ... on level 4 of the Dungeon on May 2, 2023.
             The game lasted 00:07:28 (3148 turns).

workbot the Cleaver (Minotaur Berserker)            Turns: 3148, Time: 00:07:29

Health: -2/51      AC:  9    Str: 24    XL:     6   Next: 19%
Magic:  5/5        EV:  8    Int:  4    God:    Trog [**....]
Gold:   172        SH:  6    Dex:  9    Spells: 5/5 levels left

rFire   . . .      SeeInvis .   f - +3 hand axe
rCold   + . .      Faith    .   k - +0 kite shield
rNeg    . . .      Spirit   .   o - +0 scale mail
rPois   .          Reflect  .   (helmet restricted)
rElec   .          Harm     .   i - +0 cloak
rCorr   .          Rampage  .   t - +1 pair of gloves
Will    .....                   (no boots)
Stlth   ..........              a - amulet of the acrobat
HPRegen 0.17/turn               d - ring of protection from cold
MPRegen 0.09/turn               (no ring)

@: no status effects
A: horns 2, retaliatory headbutt
a: Renounce Religion, Berserk, Trog's Hand


You were on level 4 of the Dungeon.
You worshipped Trog.
Trog was pleased with you.
You visited 1 branch of the dungeon, and saw 4 of its levels.

You collected 172 gold pieces.

Inventory:

Hand Weapons
 f - a +3 hand axe (weapon)
Armour
 i - a +0 cloak (worn)
 k - a +0 kite shield (worn)
 o - a +0 scale mail (worn)
 t - a +1 pair of gloves (worn)
Jewellery
 a - an amulet of the acrobat (around neck)
 d - a ring of protection from cold (left hand)
Wands
 q - a wand of charming (3)
 s - a wand of mindburst (4)
Scrolls
 c - a scroll of vulnerability {unknown}
 e - a scroll of enchant weapon {unknown}
 h - a scroll of identify {unknown}
 j - a scroll of torment {unknown}
 p - a scroll of blinking {unknown}
Potions
 b - 2 potions of magic {unknown}
 g - a potion of might {unknown}
 l - 2 potions of invisibility {unknown}
 m - a potion of curing {unknown}
 n - 2 potions of resistance {unknown}
 r - a potion of mutation {unknown}


   Skills:
 - Level 3.6 Fighting
 + Level 8.4 Axes
 - Level 2.4 Armour
 - Level 2.1 Dodging


You had 5 spell levels left.
You didn't know any spells.
Your spell library contained the following spells:

 Spells                   Type           Power      Damage    Failure   Level
 Static Discharge         Conj/Air       0%         3-3/arc   100%        2
 Dispel Undead            Necr           0%         3d6       100%        4
 Sticky Flame             Conj/Fire      0%         2d3       100%        4


Dungeon Overview and Level Annotations

Branches:
Dungeon (4/15)
 Temple: D:4-7

Altars:

Shops:
D:1 *


Innate Abilities, Weirdness & Mutations

You have a pair of horns on your head.
You reflexively headbutt those who attack you in melee.


Message History

A gnoll comes into view. It is wielding a +0 flail.
You block the gnoll sergeant's attack.
You hit the gnoll sergeant.
The gnoll sergeant is lightly wounded.
The gnoll sergeant hits you but does no damage.
You closely miss the gnoll sergeant.
The gnoll sergeant is lightly wounded.
The gnoll sergeant closely misses you.
You barely miss the gnoll sergeant.
The gnoll sergeant hits you with a +0 spear!
You barely miss the gnoll sergeant.
Your headbutt misses the gnoll sergeant.
The gnoll sergeant hits you with a +0 spear.
You slash the gnoll sergeant!
The gnoll sergeant is moderately wounded.
You hit the gnoll sergeant but do no damage.
You headbutt the gnoll sergeant.
The gnoll sergeant is moderately wounded.
You barely miss the gnoll. The gnoll hits you but does no damage.
The gnoll sergeant hits you with a +0 spear!
You hit the gnoll sergeant.
The gnoll sergeant is heavily wounded.
You hit the gnoll.
The gnoll sergeant hits you with a +0 spear.
The gnoll hits you with a +0 flail. You block the gnoll's attack.
The gnoll sergeant closely misses you. You furiously retaliate!
You headbutt the gnoll sergeant, but do no damage.
You closely miss the gnoll sergeant.
You headbutt the gnoll sergeant, but do no damage.
The gnoll sergeant is heavily wounded.
You closely miss the gnoll.
The gnoll sergeant hits you with a +0 spear.
The gnoll hits you with a +0 flail.
* * * LOW HITPOINT WARNING * * *
You slash the gnoll sergeant!
The gnoll sergeant is almost dead.
You hit the gnoll. The gnoll hits you with a +0 flail!
* * * LOW HITPOINT WARNING * * *
The gnoll sergeant hits you with a +0 spear!
You die...

######.###..... .......
................ .......
.###..###....#.. .......
................ .......
..>.............
.......#....##..)##.....
............#8...8#....#
......gg....##...##.....
####@....##..)##.....
##........##...##.....
#..##.....#8...⌠# ...
#.##########...## .
#...#8###8##...#
###............#
#............8#
#............##
#.#8###8###8##


You could see a gnoll sergeant and a gnoll.

Vanquished Creatures
  An ice beast (D:3)
  A hound (D:4)
  An orc priest (D:4)
  2 iguanas (D:3)
  An orc wizard (D:3)
  2 adders (D:3)
  A worm (D:3)
  4 orcs
  5 ball pythons
  6 bats
  4 endoplasms
  4 giant cockroaches
  5 goblins
  8 hobgoblins
  6 jackals
  3 quokkas
  A frilled lizard (D:1)
  A kobold (D:1)
  2 rats (D:1)
58 creatures vanquished.

Vanquished Creatures (others)
  A plant (D:1)
1 creature vanquished.

Grand Total: 59 creatures vanquished

Notes
Turn   | Place    | Note
-------+----------+-------------------------------------------
     0 | D:1      | workbot the Minotaur Berserker began the quest for the Orb.
     0 | D:1      | Reached XP level 1. HP: 19/19 MP: 0/0
   118 | D:1      | Reached skill level 4 in Axes
   286 | D:1      | Found Ararish's General Store.
   300 | D:1      | Reached XP level 2. HP: 25/26 MP: 1/1
  1036 | D:2      | Reached skill level 5 in Axes
  1036 | D:2      | Reached ** piety under Trog
  1040 | D:2      | Found a faded altar of an unknown god.
  1236 | D:2      | Reached XP level 3. HP: 31/31 MP: 2/2
  2175 | D:3      | Reached skill level 6 in Axes
  2175 | D:3      | Reached XP level 4. HP: 15/39 MP: 3/3
  2466 | D:3      | Reached skill level 7 in Axes
  2466 | D:3      | Reached XP level 5. HP: 15/45 MP: 4/4
  2661 | D:4      | Noticed an ice beast
  2873 | D:3      | Killed an ice beast
  2874 | D:3      | Reached skill level 8 in Axes
  3049 | D:4      | Reached XP level 6. HP: 51/51 MP: 5/5
  3148 | D:4      | Slain by a gnoll sergeant

Illustrated notes

Levels and vault maps discovered:
D:1:      minmay_arrival_glassed_features, layout_basic, serial_shops,
          nicolae_square_shop, serial_bayou, serial_bayou_lake_a,
          serial_bayou_lagoon_a, serial_bayou_crossing, serial_bayou_shore_b,
          serial_bayou_shore_b, serial_bayou_pond_d, grunt_decor_resistance
D:2:      layout_loops_ring, ebering_ecumenical_altar_webs
D:3:      layout_rooms
D:4:      layout_rooms, minmay_temple_entry_proselytizer, serial_corexii_hall,
          corexii_hall_statues_l, corexii_hall_statues_x,
          chequers_hall_statues_corner_a, corexii_hall_statues_x

Skill      XL: |  1  2  3  4  5 |
---------------+----------------+-----
Axes           | 4 5 6 7 8 |  8.4
Fighting       | |  3.6
Armour         | |  2.4
Dodging        | |  2.1

Action                   |  1- 3 |  4- 6 || total
-------------------------+-------+-------++-------
Melee: Hand axe          |    81 |    51 ||   132
       Headbutt          |    11 |     6 ||    17
Invok: Berserk           |     1 |     1 ||     2
       Trog's Hand       |       |     1 ||     1
  Use: Scroll            |     1 |     1 ||     2
Armor: Animal skin       |     9 |       ||     9
       Ring mail         |     3 |       ||     3
       Scale mail        |    19 |    31 ||    50
Dodge: Dodged            |    53 |    21 ||    74
Block: Kite shield       |    11 |    23 ||    34
